cohdb
Replays
Latest Replays
All Replays
Popular Replays
Top Player Replays
Match Explorer
How It Works
Community
CoH3 Stats
Reddit
Sign in to upload your games and track your stats! →
Sign in with Steam
Match 45585101
Unlisted
Match 45585101
Overview
Messages
Build Orders
End
Panzergrenadier Squad
Selects Italian Infantry
Panzerpioneer Squad
250 Light Carrier
Construct Light Support Kompanie
Combat Half-tracks
MG34 Team
Construct Mechanized Kompanie
Selects Guastatori Squad
Guastatori Squad
254 Reconnaissance Tractor
Panzerjäger Mechanized Group
Construct Panzerarmee Kommand
Veteran Squad Leaders
Panzer III L Medium Tank
Selects Registered Artillery
Selects Towed Cannone da 105/28 Field Howitzer
Towed Cannone da 105/28 Field Howitzer
Armored Reserves
Selects Sound the Alarm
Emergency Repair Kits
Spitfire
v4mp - HTB -
XuZhongwei
3+++
0
0
Comments
sign in to comment!
No comments posted yet!